 Dungeon Crawl Stone Soup version 0.25.1-2-g60ff931df9 (webtiles) character file.

Game seed: 16970380919294573879

1722 H0rd4k the Insei (level 9, -1/55 HPs)
             Began as an Octopode Transmuter on Aug 4, 2020.
             Slain by a sky beast (5 damage)
             ... on level 6 of the Dungeon.
             The game lasted 00:11:24 (9125 turns).

H0rd4k the Insei (Octopode Transmuter)              Turns: 9125, Time: 00:11:26

Health: -1/55      AC:  1    Str:  9    XL:     9   Next: 4%
Magic:  16/16      EV: 14    Int: 19    God:
Gold:   223        SH:  0    Dex: 12    Spells: 12/18 levels left

rFire    . . .     SeeInvis .     - Unarmed
rCold    . . .     Gourm    .   (no shield)
rNeg     . . .     Faith    .   (helmet restricted)
rPois    .         Spirit   .   (no amulet)
rElec    .         Reflect  .   l - +4 ring of slaying
rCorr    .         Harm     .   (no ring)
MR       .....                  (no ring)
Stlth    ++++......             (no ring)
HPRegen  0.18/turn              (no ring)
MPRegen  0.15/turn              (no ring)
                                (no ring)
                                (no ring)

@: appendage
A: almost no armour, stealthy swim, amphibious, 8 rings, constrict 8, tentacle
spike 3, camouflage 1, gelatinous body 1
a: End Transformation


You were on level 6 of the Dungeon.
You were not hungry.
One of your tentacles had a temporary spike.
You visited 1 branch of the dungeon, and saw 9 of its levels.

You collected 262 gold pieces.
You spent 39 gold pieces at shops.

Inventory:

Missiles
 a - 90 arrows
 f - 75 poisoned darts (quivered)
Jewellery
 l - a +4 ring of slaying (left tentacle)
Wands
 w - a wand of flame (10)
Scrolls
 b - 7 scrolls of teleportation
 e - 2 scrolls of enchant weapon {unknown}
 h - a scroll of amnesia {unknown}
 i - a scroll of noise {unknown}
 j - 4 scrolls of remove curse {unknown}
 k - 2 scrolls of fear {unknown}
 m - a scroll of magic mapping {unknown}
 n - a scroll of blinking {unknown}
 p - 4 scrolls of random uselessness {unknown}
 r - a scroll of enchant armour {unknown}
 v - a scroll of identify
Potions
 d - 2 potions of flight
 o - 5 potions of might
 q - a potion of ambrosia
 s - 2 potions of mutation
 t - 2 potions of curing
 u - a potion of degeneration {unknown}
 x - a potion of haste
Comestibles
 c - 10 rations


   Skills:
 + Level 2.4 Fighting
 + Level 3.2 Dodging
 + Level 5.3 Stealth
 + Level 7.0 Unarmed Combat
 * Level 5.2 Spellcasting
 * Level 5.6 Transmutations
 + Level 0.4 Poison Magic


You had 12 spell levels left.
You knew the following spells:

 Your Spells              Type           Power        Failure   Level  Hunger
a - Beastly Appendage     Tmut           ####..       1%          1    None
b - Sticks to Snakes      Tmut           ####....     1%          2    None
c - Spider Form           Tmut/Pois      ###.......   11%         3    ##.....

Your spell library contained the following spells:

 Spells                   Type           Power        Failure   Level  Hunger
 Animate Skeleton         Necr           N/A          12%         1    None
 Apportation              Tloc           #.....       12%         1    None
 Corona                   Hex            #......      12%         1    None
 Summon Small Mammal      Summ           #...         12%         1    None
 Blade Hands              Tmut           ####......   32%         5    #####..
 Ice Form                 Ice/Tmut       ###.....     36%         4    ####...


Dungeon Overview and Level Annotations

Branches:
Dungeon (9/15)             Temple (0/1) D:7
   Lair: D:8-11         Orc: D:9-12

Altars:
Cheibriados
Dithmenos
Hepliaklqana
Makhleb
Qazlal
Trog
Uskayaw
Wu Jian

Shops:
D:8 ?

Annotations:
D:5 exclusion: 2 downstairs
D:6 Blork the orc, Grinder
D:7 exclusions: phantom and upstairs
D:8 2 transporters, exclusion: komodo dragon, Ebobla's ghost, novice HOFi


Innate Abilities, Weirdness & Mutations

You cannot wear most types of armour.
You are very stealthy in the water. (Stealth+)
You are amphibious.
You can wear up to eight rings at the same time.
You can use your tentacles to constrict eight enemies at once.
Your skin changes colour to match your surroundings (Stealth+).
Your rubbery body absorbs attacks. (AC +1, EV +1)
One of your tentacles bears a large vicious spike.


Message History

You tentacle-slap the sky beast.
The sky beast is almost dead.
The phantom blinks!
The sky beast hits you.
* * * LOW HITPOINT WARNING * * *
The sky beast shocks you.
* * * LOW HITPOINT WARNING * * *
You barely miss the sky beast.
The sky beast is almost dead.
The sky beast misses you.
You miss the sky beast.
The sky beast is almost dead.
The sky beast misses you.
You barely miss the sky beast.
The sky beast is almost dead.
The sky beast flickers out of sight!
Deactivating autopickup; reactivate with Ctrl-A.
Something hits you.
* * * LOW HITPOINT WARNING * * *
Something shocks you.
You die...

#........#.......#
#...#...Y
...##.#.....#
###...#.... .###
#.......#
........... ##
.....###
........[.. .......
...#........
...###..#...##.....
# # #..#...#
#....<...
....#.#.{..#
#....#....
....%..>@..#
#.##...##.
...........#
###....
......$........
####.
......##.#.#.... #.
...... #.#.# ... ##
...... #.... .# ..
..ยง.. ... .. . #.
..... .W..... ## .#


You could see a phantom.

Vanquished Creatures
  A water moccasin (D:6)
  An ice beast (D:7)
  A centaur (D:8)
  2 ogres
  A bullfrog (D:6)
  2 wyvern skeletons
  3 scorpions
  A centaur zombie (D:7)
  3 crimson imps
  A quasit (D:9)
  4 orc priests
  4 hounds
  4 orc wizards
  A gnoll shaman (D:7)
  Terence (D:2)
  3 iguanas
  3 worker ants
  A hound skeleton (D:4)
  A worker ant zombie (D:6)
  3 gnolls (D:7)
  7 adders
  5 worms
  6 dart slugs
  5 leopard geckos
  10 orcs
  10 bats
  5 giant cockroaches
  8 goblins
  7 hobgoblins
  9 jackals
  6 kobolds
  3 ball pythons
  5 frilled lizards
  2 leopard gecko skeletons
  5 rats
134 creatures vanquished.

Notes
Turn   | Place    | Note
-------+----------+-------------------------------------------
     0 | D:1      | H0rd4k the Octopode Transmuter began the quest for the Orb.
     0 | D:1      | Reached XP level 1. HP: 13/13 MP: 3/3
   396 | D:1      | Reached XP level 2. HP: 8/18 MP: 5/5
   894 | D:1      | Reached XP level 3. HP: 23/23 MP: 6/6
  1745 | D:1      | Learned a level 2 spell: Sticks to Snakes
  1749 | D:1      | Learned a level 3 spell: Spider Form
  1788 | D:2      | Noticed Terence
  1789 | D:2      | Found a hide-covered altar of Uskayaw.
  2005 | D:2      | Reached XP level 4. HP: 22/28 MP: 7/7
  2118 | D:2      | Reached skill level 1 in Stealth
  2406 | D:2      | Reached skill level 4 in Unarmed Combat
  2606 | D:2      | Found a stormy altar of Qazlal.
  3215 | D:3      | Reached XP level 5. HP: 33/33 MP: 5/8
  3871 | D:4      | Found a bloodstained altar of Trog.
  4006 | D:4      | Found a burning altar of Makhleb.
  4508 | D:4      | Found an ornate altar of the Wu Jian Council.
  4534 | D:5      | Entered Level 5 of the Dungeon
  4556 | D:5      | Reached XP level 6. HP: 37/38 MP: 8/10
  4622 | D:5      | Reached skill level 5 in Unarmed Combat
  5599 | D:5      | Reached XP level 7. HP: 29/43 MP: 10/12
  5887 | D:2      | Killed Terence
  6242 | D:6      | Noticed Blork the orc
  6697 | D:6      | Reached skill level 6 in Unarmed Combat
  6704 | D:6      | Noticed a hornet
  6712 | D:6      | You fall into a shaft and drop 3 floors!
  6742 | D:9      | Reached XP level 8. HP: 48/48 MP: 11/14
  7011 | D:6      | Noticed Grinder
  7027 | D:7      | Reached skill level 5 in Stealth
  7321 | D:7      | Reached skill level 5 in Transmutations
  7571 | D:7      | Found a hazy altar of Hepliaklqana.
  7580 | D:7      | Noticed a two-headed ogre
  7608 | D:8      | Found a snail-covered altar of Cheibriados.
  8034 | D:8      | Found a transporter.
  8082 | D:8      | Noticed a wraith
  8084 | D:8      | Found a transporter.
  8084 | D:8      | Noticed Ebobla's ghost (novice HOFi)
  8207 | D:8      | Found a shadowy altar of Dithmenos.
  8223 | D:8      | Noticed a komodo dragon
  8290 | D:8      | Reached skill level 5 in Spellcasting
  8304 | D:8      | Found Neunlute's Magic Scroll Emporium.
  8445 | D:8      | Bought a scroll of teleportation for 39 gold pieces
  8766 | D:7      | Reached XP level 9. HP: 48/55 MP: 16/16
  9096 | D:7      | Found a staircase to the Ecumenical Temple.
  9117 | D:6      | Reached skill level 7 in Unarmed Combat
  9125 | D:6      | Slain by a sky beast

Illustrated notes

Levels and vault maps discovered:
D:1:      dpeg_arrival_castle, layout_basic
D:2:      layout_basic, grunt_qazlal_clouds, eat_drink_and_be_merry_uskayaw,
          first_ration, uniq_terence
D:3:      layout_basic, serial_rivers, chequers_serial_rivers_marsh,
          chequers_serial_rivers_small_a, chequers_serial_rivers_marsh,
          chequers_serial_rivers_micro_d
D:4:      layout_basic, makhleb_blood_cavern_becter, kennysheep_mini_moat,
          nicolae_overflow_crystal_walls
D:5:      layout_basic, nrook_mini_vaults, hex_large
D:6:      layout_rooms, kiku_gazebo_garden_becter, gammafunk_ghost_hive,
          basic_altar, grunt_ministairs_14, minmay_strange_pillars,
          uniq_grinder, uniq_blork_the_orc, uniq_sigmund
D:7:      layout_basic, old_standard_altar, minmay_temple_entry_from_below_b
D:8:      layout_rooms, lemuel_doored_altar, slow_altar_1,
          nicolae_overflow_hidden_temple, erik_lair_dragon,
          gammafunk_ghost_mausoleum, serial_shops, shop
D:9:      layout_basic, evilmike_ruin_ashenzari

Skill      XL: |  1  2  3  4  5  6  7  8  9 |
---------------+----------------------------+-----
Stealth        | 2 3 4 5 |  5.3
Unarmed Combat | 4 5 6 7 |  7.0
Transmutations | 3 4 5 |  5.6
Spellcasting   | 3 4 5 |  5.2
Fighting       | 2 |  2.4
Dodging        | 3 |  3.2
Poison Magic   | |  0.4

Action                   |  1- 3 |  4- 6 |  7- 9 || total
-------------------------+-------+-------+-------++-------
Melee: Unarmed           |    81 |   111 |   135 ||   327
       Constrict         |    26 |    30 |    26 ||    82
       Tentacles         |    14 |    11 |    16 ||    41
       Punch             |     2 |     1 |     7 ||    10
       Kick              |     1 |    19 |    29 ||    49
 Cast: Beastly Appendage |     1 |    18 |    22 ||    41
       Spider Form       |       |       |     2 ||     2
       Sticks to Snakes  |       |       |     1 ||     1
  Use: Scroll            |       |     4 |     3 ||     7
       Potion            |       |     1 |     2 ||     3
 Stab: Sleeping          |     6 |    11 |     6 ||    23
  Eat: Chunk             |     3 |    11 |     8 ||    22
       Ration            |       |       |     1 ||     1
Armor: Skin              |    10 |     6 |     7 ||    23
Dodge: Dodged            |    50 |    61 |    65 ||   176
